 Dungeon Crawl Stone Soup version 0.22.1-2-g9c5b331 (webtiles) character file.

53 Goblin1989 the Firebug (level 3, -1/21 HPs)
             Began as an Octopode Fire Elementalist on Nov 22, 2018.
             Shot with an arrow by a centaur (7 damage)
             ... on level 2 of the Dungeon.
             The game lasted 00:04:20 (1659 turns).

Goblin1989 the Firebug (Octopode Fire Elementalist) Turns: 1659, Time: 00:04:22

Health: -1/21      AC:  1    Str:  7    XL:     3   Next: 87%
Magic:  3/6        EV: 13    Int: 18    God:
Gold:   83         SH:  0    Dex: 12    Spells: 5/6 levels left

rFire    . . .     SeeInvis .   h - +0 dagger
rCold    . . .     Gourm    .   (no shield)
rNeg     . . .     Faith    .   (helmet restricted)
rPois    .         Spirit   .   (no amulet)
rElec    .         Reflect  .   (no ring)
rCorr    .         Harm     .   (no ring)
MR       .....                  (no ring)
Stlth    +++.......             (no ring)
HPRegen  0.07/turn              (no ring)
MPRegen  0.10/turn              (no ring)
                                (no ring)
                                (no ring)

@: no status effects
A: almost no armour, stealthy swim, amphibious, 8 rings, constrict 8, camouflage
1, gelatinous body 1
a: no special abilities


You were on level 2 of the Dungeon.
You were not hungry.

You visited 1 branch of the dungeon, and saw 2 of its levels.

You collected 83 gold pieces.

Inventory:

Hand Weapons
 h - a +0 dagger (weapon)
 n - a +0 hunting sling
Missiles
 l - 29 stones (quivered) {@Q3}
 o - 14 bolts
Scrolls
 f - a scroll of immolation {unknown}
 j - 2 scrolls of remove curse {unknown}
 k - a scroll of magic mapping {unknown}
Potions
 g - 2 potions of lignification {unknown}
Comestibles
 e - 3 rations


   Skills:
 - Level 2.0 Dodging
 - Level 2.6 Stealth
 + Level 2.4 Spellcasting
 * Level 2.2 Conjurations
 * Level 3.7 Fire Magic


You had 5 spell levels left.
You knew the following spells:

 Your Spells              Type           Power        Failure   Level  Hunger
a - Flame Tongue          Conj/Fire      ##...        4%          1    #......

Your spell library contained the following spells:

 Spells                   Type           Power        Failure   Level  Hunger
 Throw Flame              Conj/Fire      ##....       8%          2    ##.....
 Conjure Flame            Conj/Fire      ##......     16%         3    ###....
 Inner Flame              Hex/Fire       #.......     24%         3    ###....
 Sticky Flame             Conj/Fire      ##......     45%         4    #####..
 Fireball                 Conj/Fire      ##........   80%         5    ######.


Dungeon Overview and Level Annotations

Branches:
Dungeon (2/15)

Altars:


Innate Abilities, Weirdness & Mutations

You cannot wear most types of armour.
You are very stealthy in the water. (Stealth+)
You are amphibious.
You can wear up to eight rings at the same time.
You can use your tentacles to constrict eight enemies at once.
Your skin changes colour to match your surroundings (Stealth+).
Your rubbery body absorbs attacks. (AC +1, EV +1)


Message History

The rat is too close now for your liking.
MP restored: 6 Some of the chunks of flesh in your inventory have rotted away.
Casting: Flame Tongue (safe; 4% risk of failure)
Confirm with . or Enter, or press ? or * to list all spells.
Aiming: Flame Tongue (safe; 4% risk of failure)
Press: ? - help, Shift-Dir - straight line, f - rat
Aim: a rat The flame tongue misses the rat.
You now have 5/6 mp.
Casting: Flame Tongue (safe; 4% risk of failure)
Confirm with . or Enter, or press ? or * to list all spells.
Aiming: Flame Tongue (safe; 4% risk of failure)
Press: ? - help, Shift-Dir - straight line, f/p - rat
Aim: a rat The flame tongue hits the rat.
You kill the rat!
You now have 4/6 mp.
Casting: Flame Tongue (safe; 4% risk of failure)
Confirm with . or Enter, or press ? or * to list all spells.
You can't see any susceptible monsters within range! (Use Z to cast anyway.)
Casting: Flame Tongue (safe; 4% risk of failure)
Confirm with . or Enter, or press ? or * to list all spells.
You can't see any susceptible monsters within range! (Use Z to cast anyway.)
You butcher the rat corpse.
m - 3 chunks of flesh (gained 1) MP restored: 6 A bat comes into view.
A bat is nearby!
Casting: Flame Tongue (safe; 4% risk of failure)
Confirm with . or Enter, or press ? or * to list all spells.
You can't see any susceptible monsters within range! (Use Z to cast anyway.)
Casting: Flame Tongue (safe; 4% risk of failure)
Confirm with . or Enter, or press ? or * to list all spells.
You can't see any susceptible monsters within range! (Use Z to cast anyway.)
Casting: Flame Tongue (safe; 4% risk of failure)
Confirm with . or Enter, or press ? or * to list all spells.
Aiming: Flame Tongue (safe; 4% risk of failure)
Press: ? - help, Shift-Dir - straight line, f - bat
Aim: a bat (resting)
The flame tongue hits the bat.
You kill the bat!
You now have 5/6 mp.
Casting: Flame Tongue (safe; 4% risk of failure)
Confirm with . or Enter, or press ? or * to list all spells.
You can't see any susceptible monsters within range! (Use Z to cast anyway.)
Casting: Flame Tongue (safe; 4% risk of failure)
Confirm with . or Enter, or press ? or * to list all spells.
You can't see any susceptible monsters within range! (Use Z to cast anyway.)
Casting: Flame Tongue (safe; 4% risk of failure)
Confirm with . or Enter, or press ? or * to list all spells.
You can't see any susceptible monsters within range! (Use Z to cast anyway.) Some of the chunks of flesh in your inventory have rotted away.
You now have 83 gold pieces (gained 6).
Eating a chunk of flesh.
You eat the chunk of flesh.
This raw flesh tastes terrible.
Key pressed, stopping explore.
Found a stone staircase leading up.
You see here a robe.
MP restored: 6
l - 23 stones {@Q3} (gained 18)
e - 3 rations (gained 1)
l - 29 stones {@Q3} (gained 6) As you open the door, it creaks loudly!
A centaur comes into view.
There is an open door here.
A centaur is nearby!
The centaur shouts!
The centaur wields a shortbow.
The centaur shoots an arrow.
The arrow closely misses you.
The centaur shoots an arrow.
The arrow closely misses you.
Casting: Flame Tongue (safe; 4% risk of failure)
Confirm with . or Enter, or press ? or * to list all spells.
Aiming: Flame Tongue (safe; 4% risk of failure)
Press: ? - help, Shift-Dir - straight line, f - centaur
Aim: a centaur, wielding a shortbow The flame tongue hits the centaur.
The centaur is moderately wounded.
The centaur shoots an arrow.
The arrow hits you.
You take 4 damage, and have 17/21 hp.
You now have 5/6 mp.
Casting: Flame Tongue (safe; 4% risk of failure)
Confirm with . or Enter, or press ? or * to list all spells.
Aiming: Flame Tongue (safe; 4% risk of failure)
Press: ? - help, Shift-Dir - straight line, f/p - centaur
Aim: a centaur, wielding a shortbow (moderately wounded)
The flame tongue hits the centaur.
The centaur is severely wounded.
The centaur shoots an arrow.
The arrow closely misses you.
You now have 4/6 mp.
Casting: Flame Tongue (safe; 4% risk of failure)
Confirm with . or Enter, or press ? or * to list all spells.
Aiming: Flame Tongue (safe; 4% risk of failure)
Press: ? - help, Shift-Dir - straight line, f/p - centaur
Aim: a centaur, wielding a shortbow (severely wounded)
The flame tongue hits the centaur.
The centaur is almost dead.
The centaur shoots an arrow.
The arrow hits you!
Ouch! That really hurt!
* * * LOW HITPOINT WARNING * * *
The centaur shoots an arrow.
The arrow hits you!
You die... █......█ ██▲██

█.█..█ █.███..█ ██...██ █.█..█
██.███..█ ██.....███....███████
........█ ██......[████.█.█....█
.█......████$........█ █.....██.█
..<........▲.........▲.......██.█
.█..█...████....c....███......█.█
.█......█ █.......█ ███.█..█.█
.█......█ █..@..█ ███..█.█
.███..███ ██(..██ █....█ .███..█


██(██ ██.███ ......█ █.██████████ █.█ ████.██ █..........█ █.█ █.█ ██(.........█
█.█ █.█ .█...........███[█ █.█ █.................█ █.█ █...........<..█████ You
could see a centaur.

Vanquished Creatures
  An ooze (D:1)
  2 dart slugs (D:1)
  3 giant cockroaches (D:1)
  9 goblins (D:1)
  A hobgoblin (D:1)
  8 jackals (D:1)
  2 ball pythons (D:1)
  4 bats
  2 frilled lizards (D:1)
  3 kobolds (D:1)
  6 rats
41 creatures vanquished.

Notes
Turn   | Place    | Note
-------+----------+-------------------------------------------
     0 | D:1      | Goblin1989 the Octopode Fire Elementalist began the quest
                  | for the Orb.
     0 | D:1      | Reached XP level 1. HP: 11/11 MP: 3/3
    68 | D:1      | Reached XP level 2. HP: 10/17 MP: 0/5
   484 | D:1      | Reached XP level 3. HP: 5/21 MP: 2/6
   488 | D:1      | HP: 1/21 [giant cockroach (2)]
  1654 | D:2      | Noticed a centaur
  1659 | D:2      | Shot with an arrow by a centaur

Skill      XL: |  1  2  3 |
---------------+----------+-----
Conjurations   | 2 |  2.2
Dodging        | |  2.0
Stealth        | |  2.6
Spellcasting   | |  2.4
Fire Magic     | |  3.7

Action                   || total
-------------------------++-------
Melee: Unarmed           ||    16
       Constrict         ||     8
       Tentacles         ||     5
       Dagger            ||    15
 Cast: Flame Tongue      ||    56
  Eat: Chunk             ||     3
Armor: Skin              ||     1
Dodge: Dodged            ||    39

Vault maps used:
D:1:      mrwooster_arrival_arrow, minmay_heptomino_w4
D:2:      kennysheep_generic_room_10, uniq_terence
